 Dungeon Crawl Stone Soup version 0.21.1-1-g345015fe64 (webtiles) character file.

1663 Minion the Chopper (level 8, -1/61 HPs)
             Began as a Demonspawn Gladiator on Feb 7, 2018.
             Was a Believer of Yredelemnul.
             Shot with an arrow by a centaur (11 damage)
             ... on level 7 of the Dungeon.
             The game lasted 00:12:55 (6977 turns).

Minion the Chopper (Demonspawn Gladiator)           Turns: 6977, Time: 00:12:55

Health: -1/61      AC: 15    Str: 16    XL:     8   Next: 69%
Magic:  11/12      EV:  9    Int: 10    God:    Yredelemnul [**....]
Gold:   377        SH:  0    Dex: 18    Spells: 7/7 levels left

rFire    . . .     SeeInvis .   a - +1 war axe
rCold    . . .     Gourm    .   (no shield)
rNeg     . . .     Faith    .   s - +0 chain mail
rPois    .         Spirit   .   (helmet restricted)
rElec    .         Reflect  .   w - +0 cloak
rCorr    .         Harm     .   v - +1 pair of gloves {Dex+3}
MR       .....                  (no boots)
Stlth    ..........             (no amulet)
HPRegen  0.20/turn              (no ring)
MPRegen  0.13/turn              (no ring)

@: no status effects
A: antennae 1, slimy green scales 2, demonic guardian 1
a: Animate Remains, Recall Undead Slaves, Injury Mirror, Renounce Religion


You were on level 7 of the Dungeon.
You worshipped Yredelemnul.
Yredelemnul was pleased with you.
You were not hungry.

You visited 1 branch of the dungeon, and saw 7 of its levels.

You collected 377 gold pieces.

Inventory:

Hand Weapons
 a - a +1 war axe (weapon)
Missiles
 d - 3 throwing nets (quivered)
Armour
 s - a +0 chain mail (worn)
 v - a +1 pair of gloves of dexterity (worn)
 w - a +0 cloak (worn)
Wands
 g - a wand of acid (9)
 q - a wand of iceblast (7)
 y - a wand of scattershot (7)
Scrolls
 b - 5 scrolls of teleportation
 c - 2 scrolls of identify
 e - 5 scrolls of remove curse
 j - 2 scrolls of magic mapping
 n - a scroll of enchant armour
 o - a scroll of blinking
 p - a scroll of fog
 u - 2 scrolls of enchant weapon
Potions
 h - a potion of agility
 i - a potion of berserk rage
 k - 5 potions of curing
 l - 2 potions of brilliance
 m - 2 potions of flight
 r - a potion of cancellation {unknown}
 t - a potion of degeneration {unknown}
 z - a potion of invisibility {unknown}
 A - a potion of might {unknown}
 B - a potion of lignification {unknown}
 C - 2 potions of ambrosia {unknown}
 D - a potion of heal wounds {unknown}
 E - a potion of magic {unknown}
Comestibles
 f - 12 rations
 x - a chunk of flesh


   Skills:
 + Level 4.7 Fighting
 * Level 6.9 Axes
 - Level 1.7 Throwing
 + Level 3.6 Armour
 + Level 4.7 Dodging
 + Level 5.3 Invocations


You had 7 spell levels left.
You didn't know any spells.

Dungeon Overview and Level Annotations

Branches:
Dungeon (7/15)
 Temple: D:4-7

Altars:
Xom
Yredelemnul


Innate Abilities, Weirdness & Mutations

You have a pair of small antennae on your head.
You are mostly covered in slimy green scales. (AC +3)
A weak demonic guardian rushes to your aid.


Message History

The centaur shoots an arrow.
The arrow hits you but does no damage.
You see here an arrow.
You hit the centaur.
The centaur is severely wounded.
You barely miss the orc.
The centaur unwields an uncursed shortbow.
The centaur hits you but does no damage.
The orc hits you with a mace.
You slash the centaur!
You kill the centaur!
Yredelemnul accepts your kill.
You closely miss the orc.
The centaur shoots an arrow.
The arrow hits you.
* * * LOW HITPOINT WARNING * * *
The orc misses you. The shadow imp gestures at you.
Pain shoots through your body!
* * * LOW HITPOINT WARNING * * *
The centaur shoots an arrow.
The arrow hits you!
You die...
Your body rises from the dead as a mindless zombie.

.#################
.................########
........########.........
..#####(# ...# #.#######.
###.#...#(##.#.##### #...
........(...($...> ###.##
..####(o(@..###. ..#...
.......()##.## #.#...
......c5## .# ##.#...
........# .# #..##.#
≈.......# .# #.#...#
≈..≈≈...; .# #.##.##
..≈..≈..≈ .# ####....#
.⌠≈..≈..≈ .# #...#####
#.#.#


You could see a centaur, a shadow imp and an orc.

Vanquished Creatures
  An orc warrior (D:6)
  2 ice beasts
  A centaur (D:7)
  An ogre (D:7)
  A howler monkey (D:6)
  2 crimson imps (D:4)
  A hound (D:7)
  2 jellies (D:5)
  6 orc priests
  4 orc wizards
  Jessica (D:3)
  3 worker ants
  A hound zombie (D:5)
  7 adders
  2 shadow imps (D:5)
  A worm (D:3)
  A dart slug (D:1)
  2 leopard geckos
  27 orcs
  11 bats
  10 giant cockroaches
  9 hobgoblins
  4 jackals
  6 kobolds
  2 quokkas
  5 frilled lizards
  6 goblins
  A quokka skeleton (D:4)
  6 rats
126 creatures vanquished.

Vanquished Creatures (collateral kills)
  The ghost of DildoBatman the Sneak, a novice FoEn (D:5)
  An orc warrior (D:5)
  An ice beast (D:6)
  An ogre (D:6)
  A crimson imp (D:4)
  A hound (D:6)
  An orc priest (D:6)
  A centaur skeleton (D:5)
  3 orcs
11 creatures vanquished.

Grand Total: 137 creatures vanquished

Notes
Turn   | Place    | Note
-------+----------+-------------------------------------------
     0 | D:1      | Minion the Demonspawn Gladiator began the quest for the Orb.
     0 | D:1      | Reached XP level 1. HP: 16/16 MP: 1/1
   219 | D:1      | Gained mutation: You have a pair of small antennae on your head. [demonic ancestry]
   219 | D:1      | Reached XP level 2. HP: 22/22 MP: 2/2
   405 | D:1      | Reached skill level 3 in Axes
   868 | D:2      | Reached XP level 3. HP: 22/28 MP: 3/3
  1683 | D:3      | Found a basalt altar of Yredelemnul.
  1702 | D:3      | Became a worshipper of Yredelemnul the Dark
  1749 | D:3      | Gained mutation: You are partially covered in slimy green scales. (AC +2) [demonic ancestry]
  1749 | D:3      | Reached XP level 4. HP: 31/35 MP: 4/4
  1852 | D:3      | Noticed Jessica
  1855 | D:3      | Killed Jessica
  2399 | D:3      | Gained mutation: A weak demonic guardian rushes to your aid. [demonic ancestry]
  2399 | D:3      | Reached XP level 5. HP: 21/41 MP: 5/5
  3292 | D:4      | Found a shimmering altar of Xom.
  3297 | D:4      | Reached skill level 4 in Axes
  3643 | D:5      | Entered Level 5 of the Dungeon
  3653 | D:5      | Reached * piety under Yredelemnul
  3653 | D:5      | Reached XP level 6. HP: 44/48 MP: 6/6
  3722 | D:5      | Noticed DildoBatman's ghost (novice FoEn)
  3735 | D:5      | Killed DildoBatman's ghost
  3735 | D:5      | Reached skill level 1 in Armour
  3735 | D:5      | Reached XP level 7. HP: 45/54 MP: 6/8
  3828 | D:5      | Reached skill level 5 in Axes
  4702 | D:6      | Found a sand-covered staircase.
  5264 | D:6      | Reached ** piety under Yredelemnul
  5380 | D:6      | Reached skill level 6 in Axes
  5384 | D:6      | Gained mutation: You are mostly covered in slimy green scales. (AC +3) [demonic ancestry]
  5384 | D:6      | Reached XP level 8. HP: 47/60 MP: 9/11
  6614 | D:7      | Reached skill level 5 in Invocations
  6977 | D:7      | Shot with an arrow by a centaur

Skill      XL: |  1  2  3  4  5  6  7  8 |
---------------+-------------------------+-----
Dodging        | 3 4 |  4.7
Axes           | 3 4 6 |  6.9
Fighting       | 3 4 |  4.7
Armour         | 1 2 3 |  3.6
Invocations    | 2 4 5 |  5.3
Throwing       | |  1.7

Action                   |  1- 3 |  4- 6 |  7- 9 || total
-------------------------+-------+-------+-------++-------
Melee: War axe           |   110 |   124 |   185 ||   419
  Use: Scroll            |     1 |     5 |     9 ||    15
 Stab: Sleeping          |     1 |       |       ||     1
       Distracted        |       |     1 |       ||     1
  Eat: Chunk             |     3 |     4 |     2 ||     9
       Ration            |       |     1 |     2 ||     3
Armor: Leather armour    |    23 |       |       ||    23
       Chain mail        |    19 |    86 |   105 ||   210
Dodge: Dodged            |   104 |    56 |    94 ||   254
